 Dungeon Crawl Stone Soup version 0.31.0-4-g52a2dc7128 (console) character file.

Game seed: 394058965588477193

119 AlterAsc the Changeling (level 5, -1/33 HPs)
             Began as an Octopode Shapeshifter on Jan 22, 2024.
             Slain by Pikel
             ... wielding a +0 whip of freezing
              (7 damage)
             ... on level 4 of the Dungeon.
             The game lasted 00:05:54 (1951 turns).

AlterAsc the Changeling (Octopode Shapeshifter)     Turns: 1951, Time: 00:05:55

Health: -1/33      AC:  1    Str: 13    XL:     5   Next: 3%
Magic:  5/5        EV: 13    Int: 12    God:
Gold:   194        SH:  0    Dex: 14    Spells: 4/4 levels left

rFire   . .          .
                       - Unarmed
rCold   . . .        (no shield)
rNeg    . . .        (helmet currently unavailable)
rPois   .            (no amulet)
rElec   .            (no ring)
rCorr   .            (no ring)
SInv    .            (no ring)
Will    .....        (no ring)
Stlth   ++           (no ring)
HPRegen 0.25/turn    (no ring)
MPRegen 0.09/turn    (no ring)
                     (no ring)

%: no passive effects
@: beast-form, hasted, very quick
A: beast (slay +2), almost no armour, amphibious, 8 rings, camouflage 1,
gelatinous body 1, (nimble swimmer 1), tentacles
a: Begin Untransformation


You were on level 4 of the Dungeon.
You were a hulking beast.
You visited 1 branch of the dungeon, and saw 4 of its levels.

You collected 194 gold pieces.

Inventory:

Jewellery
 m - a ring of protection from fire
Talismans
 b - a beast talisman
 c - a flux talisman
Wands
 e - a wand of mindburst (10)
Scrolls
 a - 2 scrolls of torment
 f - a scroll of noise {unknown}
 h - a scroll of fog {unknown}
 i - a scroll of acquirement {unknown}
 l - a scroll of identify {unknown}
 n - a scroll of enchant weapon {unknown}
Potions
 j - a potion of enlightenment {unknown}
 k - a potion of brilliance {unknown}


   Skills:
 - Level 1.0 Fighting
 - Level 2.0 Dodging
 - Level 3.0 Unarmed Combat
 + Level 5.2 Shapeshifting


You had 4 spell levels left.
You didn't know any spells.
Your spell library contained the following spells:

 Spells                   Type           Power      Damage    Failure   Level
 Freeze                   Ice            0%         1d3       32%         1
 Frozen Ramparts          Ice            0%         1d1       69%         3
 Hailstorm                Conj/Ice       0%         3d5       69%         3


Dungeon Overview and Level Annotations

Branches:
Dungeon (4/15)
 Temple: D:4-7

Altars:
Fedhas
Vehumet

Shops:
D:2 (

Annotations:
D:4 Pikel


Innate Abilities, Weirdness & Mutations

You are a hulking beast.
Your limbs bulge with bestial killing power. (Slay +2)
You cannot wear most types of armour.
You are amphibious.
You can wear up to eight rings at the same time.
Your skin changes colour to match your surroundings (Stealth+).
Your rubbery body absorbs attacks. (AC +1, EV +1)
((You are camouflaged when in or above water. (Stealth+)))
You have tentacles for arms and can constrict up to eight enemies at once.


Message History

You fall into a shaft and drop 1 floor!
The shaft crumbles and collapses.
Found a bubbling purple potion.
An iguana comes into view.
An endoplasm comes into view.
You see here a bubbling purple potion.
k - a bubbling purple potion A ball python comes into view.
Found a rapier.
A lemure comes into view.
The ball python hisses angrily.
You hear a shout! x3
The ball python attacks as it pursues you!
The ball python barely misses you. The ball python grabs you.
The ball python constricts you.
You closely miss the ball python. You grab the ball python.
You constrict the ball python.
You kill the ball python!
Pikel, Merchant of Souls comes into view.
He is wielding a +0 whip of freezing.
You see here a ball python corpse.
Press: ? - help, v - describe, . - travel, g - get item
Here: Pikel, wielding a +0 whip of freezing and wearing a +0 robe Item here: a rapier.
The floor.
Unknown command.
Okay, then.
As you read the scroll labelled AROKHY TENAOTYKA, it crumbles to dust.
Your body is wracked with pain!
Pikel convulses!
The iguana convulses!
It was a scroll of torment.
Pikel waves his whip at you.
Press: ? - help, v - describe, . - travel
Here: an iguana (heavily wounded)
The floor.
Unknown command.
It was a potion of haste.
You feel yourself speed up.
Pikel hits you with a +0 whip of freezing!
* * * LOW HITPOINT WARNING * * *
Pikel freezes you.
* * * LOW HITPOINT WARNING * * *
The iguana misses you.
It was a potion of magic.
Magic courses through your body.
Pikel hits you with a +0 whip of freezing!
You die...
Pikel says, "See you in Hell!"

##l ##..
....##
###.#...
#...#.#
####.#...##.#
#............
#.......##.##
#..........#
#####l###.....
#.†Kh.....#.#.
#.###..#### #
5.....).# ..##
######### ###


You could see Pikel and an iguana.

Vanquished Creatures
  An orc wizard (D:3)
  3 gnolls (D:3)
  An adder (D:2)
  A dart slug (D:1)
  3 orcs (D:3)
  3 ball pythons
  6 bats
  3 endoplasms
  A giant cockroach (D:3)
  7 goblins
  4 hobgoblins
  3 quokkas
  4 frilled lizards
  6 kobolds
  4 rats (D:2)
50 creatures vanquished.

Notes
Turn   | Place    | Note
-------+----------+-------------------------------------------
     0 | D:1      | AlterAsc the Octopode Shapeshifter began the quest for the
                  | Orb.
     0 | D:1      | Reached XP level 1. HP: 13/13 MP: 1/1
     2 | D:1      | Noticed a vampire
     2 | D:1      | Noticed a tengu
     4 | D:1      | Noticed a gargoyle
     4 | D:1      | Noticed a barachi
     6 | D:1      | Noticed an oni
     6 | D:1      | Noticed a merfolk
     8 | D:1      | Noticed a djinni
    10 | D:1      | Noticed a draconian
    10 | D:1      | Noticed a demigod
    12 | D:1      | Noticed an octopode
    12 | D:1      | Noticed a ghoul
    14 | D:1      | Noticed a human
    16 | D:1      | Noticed a formicid
    16 | D:1      | Noticed a demonspawn
    18 | D:1      | Noticed a minotaur
    18 | D:1      | Noticed a felid
    20 | D:1      | Noticed a naga
    20 | D:1      | Noticed an elf
    22 | D:1      | Noticed a vine stalker
    24 | D:1      | Noticed a spriggan
    26 | D:1      | Noticed an armataur
    26 | D:1      | Noticed a troll
   221 | D:1      | Reached XP level 2. HP: 14/18 MP: 2/2
   814 | D:2      | Found a blossoming altar of Fedhas.
   865 | D:2      | Reached skill level 4 in Shapeshifting
   865 | D:2      | Reached XP level 3. HP: 23/23 MP: 3/3
  1007 | D:2      | Found a faded altar of an unknown god.
  1128 | D:2      | Found Gaczush's Weapon Shop.
  1623 | D:3      | Reached XP level 4. HP: 14/28 MP: 4/4
  1855 | D:3      | Found a radiant altar of Vehumet.
  1873 | D:3      | Reached skill level 5 in Shapeshifting
  1873 | D:3      | Reached XP level 5. HP: 25/33 MP: 5/5
  1930 | D:3      | You fall into a shaft and drop 1 floor!
  1942 | D:4      | Noticed a lemure
  1945 | D:4      | Noticed Pikel
  1951 | D:4      | Slain by Pikel

Illustrated notes

Levels and vault maps discovered:
D:1:      kb_arrival_jail, layout_loops_ring
D:2:      layout_loops_ring, serial_shops, nicolae_shop_bloodbath_and_beyond,
          basic_altar, basic_ecumenical_altar
D:3:      layout_loops_cross, nicolae_vehumet_radiance, dk_noncrumbling_4,
          uniq_jessica
D:4:      layout_basic, glass_columns_b, kennysheep_small_spiral,
          nicolae_letterblocks [nicolae_letter_subblock,
          nicolae_letter_subblock, nicolae_letter_subblock,
          nicolae_letter_subblock, nicolae_letter_subblock,
          nicolae_letter_subblock, nicolae_letter_subblock,
          nicolae_letter_subblock, nicolae_letter_subblock,
          nicolae_letter_subblock, nicolae_letter_subblock,
          nicolae_letter_subblock, nicolae_letter_subblock,
          nicolae_letter_subblock, nicolae_letter_subblock,
          nicolae_letter_subblock, nicolae_letter_subblock,
          nicolae_letter_subblock, nicolae_letter_subblock,
          nicolae_letter_subblock, nicolae_letter_subblock,
          nicolae_letter_subblock, nicolae_letter_subblock,
          nicolae_letter_subblock, nicolae_letter_subblock], uniq_pikel

Skill      XL: |  1  2  3  4 |
---------------+-------------+-----
Shapeshifting  | 4 5 |  5.2
Fighting       | |  1.0
Dodging        | |  2.0
Unarmed Combat | |  3.0

Action                     |  1- 3 |  4- 6 || total
---------------------------+-------+-------++-------
  Melee: Unarmed           |    72 |    22 ||    94
         Constrict         |    18 |     6 ||    24
         Tentacles         |     9 |     5 ||    14
         Punch             |     2 |       ||     2
    Use: Potion            |       |     5 ||     5
         Scroll            |       |     3 ||     3
   Stab: Sleeping          |    11 |     1 ||    12
         Distracted        |     1 |       ||     1
 Armour: Skin              |    31 |    17 ||    48
  Dodge: Dodged            |    36 |    18 ||    54
